 Dungeon Crawl Stone Soup version 0.32-a0-391-gce5c0aab1b (webtiles) character file.

Game seed: 18388542847450244762

401 n00bmints the Chopper (level 6, -5/53 HPs)
             Began as a Mountain Dwarf Berserker on Feb 19, 2024.
             Was a Follower of Trog.
             Slain by Eustachio
             ... wielding a +0 falchion
              (7 damage)
             ... on level 4 of the Dungeon.
             The game lasted 00:05:14 (2474 turns).

n00bmints the Chopper (Mountain Dwarf Berserker)    Turns: 2474, Time: 00:05:15

Health: -5/53      AC:  5    Str: 22    XL:     6   Next: 54%
Magic:  6/6        EV: 11    Int:  7    God:    Trog [*.....]
Gold:   159        SH:  0    Dex:  9    Spells: 5/5 levels left

rFire   . . .        a - +0 hand axe
rCold   . . .        (no shield)
rNeg    . . .        f - +0 ring mail
rPois   .            (no helmet)
rElec   .            (no cloak)
rCorr   .            (no gloves)
SInv    .            (no boots)
Will    .....        (no amulet) Stlth
                     (no ring)
HPRegen 0.28/turn    (no ring)
MPRegen 0.10/turn

%: no passive effects
@: on berserk cooldown, slowed, very slow
A: runic magic, artefact enchanting
a: Renounce Religion, Berserk


You were on level 4 of the Dungeon.
You worshipped Trog.
Trog was aware of your devotion.
You visited 1 branch of the dungeon, and saw 4 of its levels.

You collected 159 gold pieces.

Inventory:

Hand Weapons
 a - a +0 hand axe (weapon)
Armour
 b - a +0 animal skin
 f - a +0 ring mail (worn)
Wands
 l - a wand of digging (5)
Scrolls
 c - 2 scrolls of amnesia {unknown}
 d - 3 scrolls of identify {unknown}
 i - a scroll of enchant armour {unknown}
 j - a scroll of poison {unknown}
Potions
 e - a potion of enlightenment {unknown}
 g - a potion of heal wounds {unknown}
 h - 2 potions of curing {unknown}
 k - a potion of haste {unknown}
 m - a potion of lignification {unknown}


   Skills:
 + Level 4.6 Fighting
 + Level 6.5 Axes
 + Level 4.0 Armour
 + Level 2.2 Dodging
 + Level 0.3 Stealth


You had 5 spell levels left.
You didn't know any spells.
Your spell library was empty.

Dungeon Overview and Level Annotations

Branches:
Dungeon (4/15)
 Temple: D:4-7

Altars:
Nemelex Xobeh
Ru

Shops:
D:2 (

Annotations:
D:4 Eustachio


Innate Abilities, Weirdness & Mutations

Your spellcasting is much less encumbered by armour.
You can use scrolls of enchantment on lesser artefacts.


Message History

Eustachio mumbles some strange words.
The river rat bites you.
You hit the river rat.
The river rat is moderately wounded.
Your skin stops crawling.
You feel less strong-willed. The river rat closely misses you.
The river rat bites you.
You hit the river rat.
The river rat is heavily wounded.
The river rat bites you!
You hit the river rat.
The river rat is heavily wounded.
The river rat bites you but does no damage.
You barely miss Eustachio.
Eustachio is severely wounded.
You miss Eustachio.
Eustachio is severely wounded.
Eustachio hits you with a +0 falchion. x2
* * * LOW HITPOINT WARNING * * *
You closely miss Eustachio.
Eustachio is severely wounded.
Eustachio hits you with a +0 falchion.
* * * LOW HITPOINT WARNING * * *
Okay, then.
Eustachio hits you with a +0 falchion.
* * * LOW HITPOINT WARNING * * *
You hit Eustachio.
Eustachio is severely wounded.
Eustachio casts a spell.
Eustachio blinks!
You hit Eustachio.
Eustachio is severely wounded.
Eustachio hits you with a +0 falchion!
* * * LOW HITPOINT WARNING * * *
Eustachio mumbles some strange words.
You hit the shadow imp but do no damage.
You miss the quasit. You hit Eustachio.
The quasit disappears in a puff of smoke!
Eustachio hits you with a +0 falchion!
You die...
Eustachio says, "Such is the fate of all honourless rascals."

#########..##.# #
.......^......#######
######.####........
##.# #.)†###### #..#
#...#...)< #.##
#...#..... ###.#
#......... #55.#
#......... #@###
#.######## #@# #.#
#r# #.# #.br5# #.#
.....§.# #.#
.........# #.#
.........# #.#
.........# #.########
####.....# #.........


You could see Eustachio, 2 quasits, 2 river rats, a shadow imp (summoned) and a
bat (summoned).

Vanquished Creatures
  The ghost of Gryn the Apothecary, an amateur DEAl (D:3)
  A wyvern zombie (D:3)
  2 hounds
  A bullfrog skeleton (D:3)
  A killer bee zombie (D:3)
  3 adders
  A dart slug (D:1)
  A ribbon worm (D:3)
  2 orcs (D:4)
  3 endoplasms
  2 giant cockroaches (D:2)
  6 goblins
  A hobgoblin (D:1)
  4 jackals (D:3)
  4 quokkas
  5 ball pythons
  7 bats
  7 kobolds
  5 rats
57 creatures vanquished.

Notes
Turn   | Place    | Note
-------+----------+-------------------------------------------
     0 | D:1      | n00bmints the Mountain Dwarf Berserker began the quest for
                  | the Orb.
     0 | D:1      | Reached XP level 1. HP: 19/19 MP: 1/1
   121 | D:1      | Reached XP level 2. HP: 26/26 MP: 2/2
   186 | D:1      | Reached skill level 4 in Axes
   363 | D:1      | You fall into a shaft and drop 1 floor!
   458 | D:2      | Found Pyce's Antique Weapon Shoppe.
   472 | D:2      | Reached XP level 3. HP: 33/33 MP: 3/3
   546 | D:2      | Identified the +7 sling "Hydraslayer" {heavy, +Blink rF-
                  | Str+6}
   976 | D:2      | Reached ** piety under Trog
  1102 | D:2      | Reached XP level 4. HP: 37/40 MP: 4/4
  1552 | D:3      | Reached skill level 5 in Axes
  1711 | D:3      | Found a sparkling altar of Nemelex Xobeh.
  1711 | D:3      | Found a sacrificial altar of Ru.
  1858 | D:3      | Reached XP level 5. HP: 39/46 MP: 5/5
  1883 | D:3      | Found a transporter.
  1883 | D:3      | Noticed Gryn's ghost (amateur DEAl)
  1896 | D:3      | Found a transporter.
  2144 | D:3      | Killed Gryn's ghost
  2145 | D:3      | Reached skill level 6 in Axes
  2145 | D:3      | Reached XP level 6. HP: 36/53 MP: 6/6
  2422 | D:4      | Noticed Eustachio
  2473 | D:4      | HP: 2/53 [Eustachio/+0 falchion (7)]
  2474 | D:4      | Slain by Eustachio

Illustrated notes

Levels and vault maps discovered:
D:1:      dpeg_arrival_stonehenge_8_columns, layout_basic
D:2:      layout_loops_cross, serial_shops, nicolae_shop_advertising_works
          [nicolae_subvault_shop_adworks], glass_columns_a
D:3:      layout_loops_ring, gammafunk_temple_overflow_elements,
          gammafunk_ghost_mausoleum
D:4:      layout_basic, serial_shops, shop, uniq_eustachio, uniq_menkaure

Skill      XL: |  1  2  3  4  5  6 |
---------------+-------------------+-----
Axes           | 4 5 6 |  6.5
Fighting       | 4 |  4.6
Dodging        | 2 |  2.2
Armour         | 3 4 |  4.0
Stealth        | |  0.3

Action                     |  1- 3 |  4- 6 || total
---------------------------+-------+-------++-------
  Melee: Hand axe          |   105 |   135 ||   240
 Invoke: Trog's Hand       |       |     3 ||     3
         Berserk           |       |     3 ||     3
 Armour: Animal skin       |     9 |       ||     9
         Ring mail         |    47 |   100 ||   147
  Dodge: Dodged            |    70 |    76 ||   146

Table legend: (Time is in decaauts)
 A = Elapsed time spent in this place.
 B = Non-inter-level travel time spent in this place.
 C = Inter-level travel time spent in this place.
 D = Time resting spent in this place.
 E = Time spent auto-exploring this place.
 F = Levels seen in this place.
 G = Mean time per level.
                   A        B        C        D        E       F      G
               +--------+--------+--------+--------+--------+-----+--------+
         Total |   2499 |   2307 |    192 |      0 |   1792 |   4 |  624.8 |
       Dungeon |   2499 |   2307 |    192 |      0 |   1792 |   4 |  624.8 |
               +--------+--------+--------+--------+--------+-----+--------+

Top non-repeatable levels by time:
     D:3: 940 daAuts
     D:2: 689 daAuts
     D:1: 683 daAuts
     D:4: 186 daAuts
